 Dungeon Crawl Stone Soup version 0.29.0-13-gc9e81de378 (webtiles) character file.

Game seed: 16160005680367626968

44 sanka the Sneak (level 3, 29/29 HPs)
             Began as a Merfolk Brigand on Sept 7, 2022.
             Was a Follower of Qazlal.
             Quit the game on level 1 of the Dungeon.
             The game lasted 00:01:19 (1387 turns).

sanka the Sneak (Merfolk Brigand)                   Turns: 1387, Time: 00:01:20

Health: 29/29      AC:  3    Str: 11    XL:     3   Next: 62%
Magic:  3/3        EV: 13    Int: 12    God:    Qazlal [*.....]
Gold:   24         SH:  1    Dex: 15    Spells: 2/2 levels left

rFire   . . .      SeeInvis .   a - +2 dagger
rCold   . . .      Faith    .   (no shield)
rNeg    . . .      Spirit   .   b - +0 robe
rPois   .          Reflect  .   (no helmet)
rElec   .          Harm     .   c - +0 cloak
rCorr   .          Rampage  .   (no gloves)
Will    .....                   (no boots)
Stlth   +++.......              (no amulet)
HPRegen 0.09/turn               (no ring)
MPRegen 0.08/turn               (no ring)

@: no status effects
A: (nimble swimmer 2), mertail
a: Renounce Religion


You were on level 1 of the Dungeon.
You worshipped Qazlal.
Qazlal was aware of your devotion.
You visited 1 branch of the dungeon, and saw 1 of its levels.

You collected 24 gold pieces.


Innate Abilities, Weirdness & Mutations

((You are very nimble when in or above water. (Stealth+, EV+, Speed+++)))
Your lower body shifts to a powerful aquatic tail in water.


   Skills:
 + Level 3.3 Fighting
 - Level 2.4 Short Blades
 - Level 2.0 Throwing
 + Level 3.3 Dodging
 - Level 4.3 Stealth


You had 2 spell levels left.
You didn't know any spells.
Your spell library was empty.

Inventory:

Hand Weapons
 a - a +2 dagger (weapon)
Missiles
 d - 13 poisoned darts (quivered)
 e - 3 curare-tipped darts {=f}
Armour
 b - a +0 robe (worn)
 c - a +0 cloak (worn)
Scrolls
 f - 2 scrolls of immolation {unknown}

Dungeon Overview and Level Annotations

Branches:
Dungeon (1/15)

Altars:
Qazlal

'▒.......▒▒▒▒▒▒▒▒.....▒▒.....▒▒▒▒
.......▒▒▒ ▒▒▒▒.▒▒▒▒▒▒.▒▒▒.▒
.......▒ ▒....▒ ▒.▒ ▒.▒▒▒▒
.......▒▒▒▒▒▒▒.▒▒.▒▒▒ ▒.▒ ▒.▒▒..
'▒+▒▒+▒(....▒.......▒▒▒▒.▒ ▒.▒▒..
.▒..........▒.▒▒▒▒▒......▒ ▒.▒▒..
.▒▒...........▒8.8▒......▒ ▒.▒▒..
.▒▒.▒......8▒▒▒...▒▒▒8.▒.▒ ▒.▒▒..
.▒▒.▒..▒....'...m...+..▒.▒ ▒.▒▒..
.▒▒.▒......8▒▒▒...▒▒▒8.▒.▒ ▒.▒▒..
.▒▒.▒.▒▒......▒8.8▒....▒.▒▒▒.▒▒..
....▒.▒▒▒...▒.▒▒▒▒▒.▒▒▒▒.........
▒.....▒ ▒...........▒ ▒▒▒▒▒'▒▒.▒
+.....▒ ▒.▒▒▒▒....▒▒▒ ▒.......▒
▒....▒▒▒▒.▒ ▒▒▒▒.▒▒ ▒.......▒
........▒.▒ ▒..▒▒▒▒ ▒.......▒
▒...▒▒▒.▒.▒▒▒▒▒▒▒▒....▒▒▒......▒▒


There were no monsters in sight!


Message History

You open the door. You open the door.
There is an open door here.
There is an open door here.
You see here a +0 club.
You see here 2 stones.
You open the door.
Found a faded altar of an unknown god.
There is an open door here.
There is an open door here.
You open the door.
There is an open door here.
You open the door.
There is an open door here.
Done exploring.
Done exploring.
Done exploring.
Done exploring.
Search for what [? for help]? .
There is an open door here.
You see here a +0 robe.
You see here a +0 dagger.
There is an open door here.
There is a faded altar of an unknown god here.
You cannot tell which god this altar belongs to.
Convert to them anyway?
Qazlal accepts your prayer! Qazlal welcomes you!
Qazlal grants you and your divine allies immunity to clouds.
You are now surrounded by a storm.
Are you sure you want to abandon this character and quit the game? (Confirm with "yes".)

Action                   || total
-------------------------++-------
Melee: Dagger            ||    79
       Punch             ||     1
 Stab: Sleeping          ||     5
Armor: Robe              ||    10
Dodge: Dodged            ||    40

Levels and vault maps discovered:
D:1:      elethiomel_arrival_quiet, layout_basic, serial_glass, glass_columns_c,
          glass_columns_b, dreamdust_ecumenical_altar_angels_and_demons

Notes
Turn   | Place    | Note
-------+----------+-------------------------------------------
     0 | D:1      | sanka the Merfolk Brigand began the quest for the Orb.
     0 | D:1      | Reached XP level 1. HP: 16/16 MP: 1/1
    45 | D:1      | Reached skill level 2 in Dodging
    55 | D:1      | Reached XP level 2. HP: 13/23 MP: 2/2
   270 | D:1      | Reached skill level 3 in Fighting
   422 | D:1      | Reached XP level 3. HP: 23/29 MP: 3/3
   539 | D:1      | Reached skill level 3 in Dodging
  1276 | D:1      | Found a faded altar of an unknown god.
  1386 | D:1      | Prayed at the altar of an unknown god.
  1386 | D:1      | Became a worshipper of Qazlal Stormbringer
  1386 | D:1      | Reached * piety under Qazlal
  1387 | D:1      | Quit the game

Vanquished Creatures
  A gnoll (D:1)
  2 dart slugs (D:1)
  3 ball pythons (D:1)
  5 endoplasms (D:1)
  4 goblins (D:1)
  A hobgoblin (D:1)
  3 kobolds (D:1)
  4 bats (D:1)
  3 frilled lizards (D:1)
  4 rats (D:1)
30 creatures vanquished.
